 Dungeon Crawl Stone Soup version 0.32-a0-30-gefbe487952 (webtiles) character file.

Game seed: 10888985753839391677

44 oldriver the Digger (level 3, -2/26 HPs)
             Began as a Demonspawn Earth Elementalist on Jan 20, 2024.
             Slain by Grinder (4 damage)
             ... on level 3 of the Dungeon.
             The game lasted 00:02:43 (2171 turns).

oldriver the Digger (Demonspawn Earth Elementalist) Turns: 2171, Time: 00:02:44

Health: -2/26      AC:  2    Str:  8    XL:     3   Next: 41%
Magic:  3/7        EV: 12    Int: 17    God:
Gold:   139        SH:  0    Dex: 13    Spells: 6/7 levels left

rFire   + . .        i - staff of fire
rCold   . . .        (no shield)
rNeg    . . .        a - +0 robe
rPois   .            (no helmet)
rElec   .            (no cloak)
rCorr   .            (no gloves)
SInv    .            (no boots)
Will    .....        (no amulet)
Stlth   +            (no ring)
HPRegen 0.24/turn    (no ring)
MPRegen 0.10/turn

%: no passive effects
@: confused
A: weakness stinger 1
a: no special abilities


You were on level 3 of the Dungeon.
You visited 1 branch of the dungeon, and saw 3 of its levels.

You collected 139 gold pieces.

Inventory:

Armour
 a - a +0 robe (worn)
Magical Staves
 i - a staff of fire (weapon)
Scrolls
 c - a scroll of blinking {unknown}
 d - 4 scrolls of identify {unknown}
 f - 3 scrolls of teleportation {unknown}
 h - a scroll of fog {unknown}
Potions
 b - a potion of magic
 e - 3 potions of curing {unknown}
 g - a potion of cancellation {unknown}
 j - a potion of haste {unknown}
 k - a potion of resistance {unknown}


   Skills:
 + Level 1.1 Fighting
 - Level 1.7 Dodging
 - Level 1.7 Stealth
 * Level 2.7 Spellcasting
 + Level 1.7 Conjurations
 + Level 3.0 Earth Magic


You had 6 spell levels left.
You knew the following spells:

 Your Spells              Type           Power      Damage    Failure   Level
a - Sandblast             Erth           24%        2d8       5%          1

Your spell library contained the following spells:

 Spells                   Type           Power      Damage    Failure   Level
 Sting                    Conj/Alch      20%        1d4       13%         1
 Passwall                 Erth           12%        N/A       16%         3
 Apportation              Tloc           4%         N/A       19%         1
 Necrotise                Necr           8%         1d4       19%         1
 Summon Small Mammal      Summ           8%         N/A       19%         1
 Stone Arrow              Conj/Erth      20%        3d8       21%         3
 Brom's Barrelling Bould  Conj/Erth      10%        2d3       56%         4
 Petrify                  Alch/Erth      7%         N/A       67%         4
 Malign Gateway           Summ/Tloc      1%         N/A       100%        7
 Summon Horrible Things   Summ           1%         N/A       100%        8


Dungeon Overview and Level Annotations

Branches:
Dungeon (3/15)

Altars:
Wu Jian

Shops:
D:2 (

Annotations:
D:3 Grinder, Sigmund


Innate Abilities, Weirdness & Mutations

You have a small tail.


Message History

Found a flux talisman.
You now have 139 gold pieces (gained 11).
You see here a +0 leather armour.
k - a smoky green potion A hobgoblin comes into view.
A hobgoblin is nearby!
A hobgoblin is nearby!
A hobgoblin is nearby!
The blast of sand hits the hobgoblin!
You kill the hobgoblin!
You can't see any susceptible monsters within range! (Use Z to cast anyway.)
You can't see any susceptible monsters within range! (Use Z to cast anyway.) Sigmund is nearby!
Sigmund is nearby!
Sigmund is nearby!
Sigmund is nearby!
The blast of sand hits Sigmund.
Sigmund is lightly wounded.
Sigmund shouts!
The blast of sand hits Sigmund.
Sigmund is lightly wounded.
Grinder shouts!
Sigmund hits you from afar with a +4 scythe of protection!
The blast of sand hits Sigmund.
Sigmund is moderately wounded.
Sigmund mumbles some strange words.
Sigmund flickers and vanishes!
Deactivating autopickup; reactivate with Ctrl-A.
The blast of sand misses Grinder.
Something hits you!
You are too injured to fight recklessly!
You are too injured to fight recklessly!
You hear some strange, mumbled words.
You are confused.
You're too confused to move!
Something hits you.
* * * LOW HITPOINT WARNING * * *
You bump into the rock wall.
Grinder hits you.
* * * LOW HITPOINT WARNING * * *
You writhe in agony.
You die...
Grinder sighs, "Dead already?
I want a refund."

#.# #.# ##.# #.# ##..#
#.# ##...## #.# .....
#.# ...# #.# #{(#
#<##.#####..####.###
#.##.....@5........#
#.#######....#####.#
###w##......[..### #.#
#......####..#...###.##
#.###..##
#..#...##.).###### #.
#...#
#..#.............#
#.###...#
#...........####<#
#.(.....# #..........##
#.# ######<.#
#..........# #.#


You could see Grinder.

Vanquished Creatures
  2 dart slugs
  2 ribbon worms (D:2)
  5 bats
  3 endoplasms
  A giant cockroach (D:1)
  3 goblins (D:2)
  7 hobgoblins
  4 ball pythons
  A frilled lizard (D:1)
  2 kobolds (D:2)
  A rat (D:2)
31 creatures vanquished.

Notes
Turn   | Place    | Note
-------+----------+-------------------------------------------
     0 | D:1      | oldriver the Demonspawn Earth Elementalist began the quest
                  | for the Orb.
     0 | D:1      | Reached XP level 1. HP: 13/13 MP: 3/3
   469 | D:1      | Discovered your monstrous ancestry.
   469 | D:1      | Gained mutation: You have a small tail. [demonic ancestry]
   469 | D:1      | Reached XP level 2. HP: 20/20 MP: 1/5
   934 | D:1      | Found a faded altar of an unknown god.
  1240 | D:2      | Found Ceos's Antique Weapon Shoppe.
  1383 | D:2      | Reached skill level 1 in Fighting
  1383 | D:2      | Reached XP level 3. HP: 26/26 MP: 3/6
  1425 | D:2      | You fall into a shaft and drop 1 floor!
  1442 | D:2      | Found an ornate altar of the Wu Jian Council.
  1592 | D:2      | Reached skill level 3 in Earth Magic
  1955 | D:3      | Noticed Grinder
  1956 | D:3      | Noticed Sigmund
  2171 | D:3      | Slain by Grinder

Illustrated notes

Levels and vault maps discovered:
D:1:      minmay_arrival_shattered_statue, layout_basic,
          dreamdust_ecumenical_altar_angels_and_demons
D:2:      layout_loops_ring, serial_shops, shop, basic_altar
D:3:      layout_loops_ring, kennysheep_generic_room_13, uniq_sigmund,
          uniq_crazy_yiuf_cottage, uniq_grinder

Skill      XL: |  1  2  3 |
---------------+----------+-----
Fighting       | 1 |  1.1
Earth Magic    | 3 |  3.0
Dodging        | |  1.7
Stealth        | |  1.7
Spellcasting   | |  2.7
Conjurations   | |  1.7

Action                     || total
---------------------------++-------
  Melee: Unarmed           ||    34
         Punch             ||     1
   Cast: Sandblast         ||    68
 Armour: Robe              ||    52
  Dodge: Dodged            ||    57

Table legend: (Time is in decaauts)
 A = Elapsed time spent in this place.
 B = Non-inter-level travel time spent in this place.
 C = Inter-level travel time spent in this place.
 D = Time resting spent in this place.
 E = Time spent auto-exploring this place.
 F = Levels seen in this place.
 G = Mean time per level.
                   A        B        C        D        E       F      G
               +--------+--------+--------+--------+--------+-----+--------+
         Total |   2203 |   2145 |     58 |    233 |   1533 |   3 |  734.3 |
       Dungeon |   2203 |   2145 |     58 |    233 |   1533 |   3 |  734.3 |
               +--------+--------+--------+--------+--------+-----+--------+

Top non-repeatable levels by time:
     D:2: 1071 daAuts
     D:1: 969 daAuts
     D:3: 163 daAuts
